 Dungeon Crawl Stone Soup version 0.20.0-15-g7f486f2 (webtiles) character file.

25343 greprep the Blocker (level 12, -2/84 HPs)
             Began as a Minotaur Fighter on June 23, 2017.
             Was a High Priest of Qazlal.
             Slain by a tentacled starspawn (7 damage)
             ... on level 2 of the Abyss.
             The game lasted 00:28:40 (14641 turns).

greprep the Blocker (Minotaur Fighter)             Turns: 14641, Time: 00:28:41

Health: -2/84      AC: 27    Str: 25    XL:     12   Next: 88%
Magic:  12/12      EV: 16    Int:  5    God:    Qazlal [*****.]
Gold:   705        SH: 20    Dex: 17    Spells: 11/11 levels left

rFire    + . .     SeeInvis +   p - +3 whip "Jugisk" {protect, *Slow rPois Dex+6 SInv}
rCold    . . .     Gourm    .   c - +0 shield
rNeg     . . .     Faith    .   x - +4 scale mail {rF+}
rPois    +         Spirit   .   (helmet restricted)
rElec    .         Reflect  .   G - +0 cloak
rCorr    .         Harm     .   (no gloves)
MR       .....                  n - +2 pair of boots {Stlth+}
Stlth    +.........             (no amulet)
Regen    0.3/turn               (no ring)
MPRegen  0.2/turn               B - +3 ring of protection

@: about to teleport, protection aura, very slightly contaminated, repel
missiles
A: retaliatory headbutt, horns 2, [frail 2], [low mp 2]
a: Upheaval, Elemental Force, Disaster Area, Renounce Religion


You were on level 2 of the Abyss.
You worshipped Qazlal.
Qazlal was extremely pleased with you.
You were full.

You visited 1 branch of the dungeon, and saw 13 of its levels.
You visited the Abyss 1 time.
You also visited: Sewer.

You collected 900 gold pieces.
You spent 195 gold pieces at shops.

Inventory:

Hand Weapons
 d - a +1 dire flail of draining
 p - the +3 whip "Jugisk" (weapon) {protect, *Slow rPois Dex+6 SInv}
   (You bought it in a shop on level 5 of the Dungeon)

   It protects the one who uses it against injury (+AC on strike).
   It affects your dexterity (+6).
   It protects you from poison.
   It lets you see invisible.
   It may slow you when you take damage.
Armour
 c - a +0 shield (worn)
 n - a +2 pair of boots of stealth (worn)
 x - a +4 scale mail of fire resistance (worn)
 G - a +0 cloak (worn)
Jewellery
 B - a +3 ring of protection (right hand)
Wands
 a - a wand of enslavement (6/24)
 b - a wand of digging (9/24)
 w - a wand of disintegration (4/24)
 A - a wand of random effects (8/48)
 E - a wand of lightning (10/15)
 F - a wand of iceblast (2/15)
 I - a wand of flame (33/48)
 J - a wand of polymorph (7/24)
 K - a wand of acid (10/15)
 L - a wand of clouds (6/9)
 O - a wand of iceblast (6/15)
 R - a wand of acid (8/15)
Scrolls
 e - 11 scrolls of remove curse
 h - 2 scrolls of enchant weapon {unknown}
 i - 2 scrolls of noise {unknown}
 j - 3 scrolls of teleportation
 k - 2 scrolls of blinking
 l - a scroll of identify
 m - 2 scrolls of fear {unknown}
 o - 3 scrolls of fog {unknown}
 r - 5 scrolls of magic mapping
 v - 2 scrolls of immolation {unknown}
 y - 3 scrolls of recharging {unknown}
 M - a scroll of random uselessness {unknown}
 Q - 2 scrolls of enchant armour {unknown}
Potions
 q - 3 potions of curing
 s - 4 potions of flight
 t - 2 potions of degeneration
 u - 2 potions of invisibility
 z - a potion of brilliance {unknown}
 C - 2 potions of lignification
 D - 2 potions of mutation {unknown}
 N - a potion of agility
 S - 2 potions of haste {unknown}
 T - a potion of berserk rage {unknown}
Comestibles
 f - 6 bread rations
 g - 13 royal jellies
 H - 5 meat rations


   Skills:
 + Level 9.6 Fighting
 + Level 12.6 Maces & Flails
 + Level 9.8 Armour
 * Level 9.5 Dodging
 - Level 2.0 Stealth
 + Level 14.0 Shields
 * Level 6.2 Invocations


You had 11 spell levels left.
You didn't know any spells.

Dungeon Overview and Level Annotations

Branches:
Dungeon (13/15)            Temple (0/1) D:5            Lair (0/6) D:10
    Orc (0/2) D:10
 Vaults: D:13-14

Altars:
Ashenzari
Dithmenos
Elyvilon
Fedhas
Kikubaaqudgha
Qazlal
Ru
Sif Muna
Trog
Uskayaw
Vehumet
Xom

Shops:
D:4 *   D:5 (   D:6 (   D:8 =   D:11 %   D:12 }

Portals:
Trove: D:12 (give +4 shadow dragon scales)

Annotations:
D:13 Inarius's ghost, journeyman GrEE


Innate Abilities, Weirdness & Mutations

You reflexively headbutt those who attack you in melee.
You have a pair of horns on your head.
[You are very frail. (-20% HP)]
[Your magical capacity is very low. (-20% MP)]


Message History

2 starspawn tentacles come into view.
You barely miss the tentacled starspawn.
You headbutt the tentacled starspawn!
The tentacled starspawn is severely damaged.
You hit the tentacled starspawn. You headbutt the tentacled starspawn.
The tentacled starspawn is almost destroyed.
You block the tentacled starspawn's attack.
The tentacled starspawn engulfs you.
* * * LOW HITPOINT WARNING * * *
The starspawn tentacle misses you.
Unknown command.
You barely miss the tentacled starspawn.
The tentacled starspawn is almost destroyed.
Unknown command.
Your scale mail prevents you from hitting the tentacled starspawn.
The tentacled starspawn is almost destroyed.
The tentacled starspawn bites you!
* * * LOW HITPOINT WARNING * * *
The tentacled starspawn engulfs you!
You die...

.. . .#
..# #..
###w#
#wX## #
#@#. ## .
###.#.##.#
#.#..#
#.#w .#
###5─ . ..
###. .# ##
.. #..5.##
.. . . #.
. #Λ# . .
. .##...
..#\ ....


You could see a tentacled starspawn and 2 starspawn tentacles.

Vanquished Creatures
  Harold (D:10)
  A hydra (D:12)
  2 centaur warriors
  3 tengu warriors (D:12)
  2 two-headed ogres
  2 thrashing horrors (Abyss:2)
  A wretched star (Abyss:2)
  2 unseen horrors
  Pikel (D:7)
  3 ugly things
  A cyclops (D:12)
  A worldbinder (Abyss:2)
  Maurice (D:9)
  A gargoyle (D:11)
  2 kobold demonologists
  An efreet (D:13)
  A komodo dragon (D:13)
  3 trolls (D:10)
  2 polar bears (shapeshifter) (D:13)
  Grinder (D:3)
  4 hippogriffs
  A meliai zombie (D:12)
  Sigmund (D:2)
  A wyvern (D:13)
  19 yaks
  3 hogs (D:9)
  A wraith (D:12)
  A human (D:9)
  Grum (D:8)
  A steam dragon (D:10)
  2 hungry ghosts
  3 wargs (D:10)
  An acid dragon (D:12)
  6 orc warriors
  A meliai simulacrum (D:10)
  A sky beast (D:9)
  5 necrophages
  2 ice beasts (D:9)
  A black bear (D:12)
  5 ogres
  4 phantoms
  3 wolves (D:8)
  5 centaurs
  A crocodile (D:8)
  Blork the orc (D:4)
  8 bullfrogs
  6 big kobolds
  5 gnoll sergeants
  A wyvern skeleton (D:10)
  A water moccasin zombie (D:6)
  3 scorpions
  8 killer bees
  2 howler monkeys (D:11)
  6 electric eels (D:11)
  6 crimson imps
  A bullfrog zombie (D:6)
  2 centaur zombies
  5 hounds
  2 jellies
  3 bullfrog skeletons
  3 orc priests
  Ijyb (D:4)
  2 centaur skeletons
  3 iguanas
  6 orc wizards
  2 worker ants
  A hound skeleton (D:10)
  Robin (D:4)
  7 gnolls
  9 adders
  5 shadow imps
  3 adder zombies
  An adder skeleton (D:7)
  A dart slug (D:2)
  7 leopard geckos
  33 orcs
  5 bats
  8 giant cockroaches
  13 goblins
  11 hobgoblins
  9 jackals
  A quokka (D:8)
  3 ball pythons
  11 frilled lizards
  A jackal skeleton (D:8)
  13 kobolds
  2 quokka skeletons
  3 rats
  2 starspawn tentacles (Abyss:2)
332 creatures vanquished.

Vanquished Creatures (others)
  A wizard (D:3)
  A kobold demonologist (D:7)
  A slave (D:7)
  A howler monkey (D:7)
  An orc wizard (D:10)
  An orc (D:10)
  2 bushes (D:6)
  7 plants (D:6)
  12 starspawn tentacles (Abyss:2)
27 creatures vanquished.

Grand Total: 359 creatures vanquished

Notes
Turn   | Place    | Note
-------+----------+-------------------------------------------
     0 | D:1      | greprep the Minotaur Fighter began the quest for the Orb.
     0 | D:1      | Reached XP level 1. HP: 19/19 MP: 0/0
   189 | D:1      | Reached XP level 2. HP: 20/27 MP: 1/1
   640 | D:1      | Reached skill level 4 in Shields
   879 | D:2      | Found a stormy altar of Qazlal.
   881 | D:2      | Found a deep blue altar of Sif Muna.
   883 | D:2      | Found a shadowy altar of Dithmenos.
   889 | D:2      | Became a worshipper of Qazlal Stormbringer
   950 | D:2      | Reached XP level 3. HP: 31/33 MP: 2/2
   952 | D:2      | Noticed Sigmund
   961 | D:2      | Killed Sigmund
   961 | D:2      | Reached skill level 1 in Dodging
   961 | D:2      | Reached XP level 4. HP: 36/41 MP: 3/3
   961 | D:2      | Reached XP level 5. HP: 41/47 MP: 4/4
  1473 | D:3      | Found a bloodstained altar of Trog.
  1532 | D:3      | Noticed a wizard
  1537 | D:3      | Killed a wizard
  1786 | D:3      | Reached skill level 5 in Fighting
  1796 | D:3      | Noticed Grinder
  1810 | D:3      | Killed Grinder
  1810 | D:3      | Reached skill level 5 in Maces & Flails
  1810 | D:3      | Reached skill level 5 in Armour
  1810 | D:3      | Reached skill level 5 in Shields
  1810 | D:3      | Reached XP level 6. HP: 12/56 MP: 5/5
  2390 | D:4      | Reached * piety under Qazlal
  2395 | D:4      | Noticed Blork the orc
  2400 | D:4      | Killed Blork the orc
  2400 | D:4      | Reached XP level 7. HP: 60/61 MP: 6/6
  2423 | D:4      | Found Ziodgh's General Store.
  2445 | D:4      | Noticed Ijyb
  2469 | D:4      | Killed Ijyb
  3081 | D:4      | Noticed Robin
  3110 | D:4      | Killed Robin
  4128 | D:5      | Entered Level 5 of the Dungeon
  4189 | D:5      | Found a staircase to the Ecumenical Temple.
  4235 | D:5      | Found a sacrificial altar of Ru.
  4333 | D:5      | Found an ancient bone altar of Kikubaaqudgha.
  4339 | D:5      | Found a hide-covered altar of Uskayaw.
  4417 | D:5      | Found Yla Unob's Antique Weapon Shoppe.
  4451 | D:5      | Found a glowing drain.
  4464 | Sewer    | Entered a sewer
  4533 | Sewer    | Reached skill level 6 in Shields
  4571 | Sewer    | Reached ** piety under Qazlal
  4650 | Sewer    | Reached XP level 8. HP: 64/70 MP: 7/7
  5225 | D:5      | Bought a warped whip for 195 gold pieces
  5225 | D:5      | Identified the +3 whip "Jugisk" {protect, *Slow rPois Dex+6 SInv} (You bought it in a shop on level 5 of the Dungeon)
  5942 | D:6      | Found a shattered altar of Ashenzari.
  6000 | D:6      | Found Pocwout's Antique Weapon Emporium.
  6105 | D:6      | Found a blossoming altar of Fedhas.
  6394 | D:6      | Found a radiant altar of Vehumet.
  6576 | D:7      | Noticed Pikel
  6597 | D:7      | Killed Pikel
  6597 | D:7      | Reached skill level 1 in Stealth
  6597 | D:7      | Reached skill level 7 in Shields
  6597 | D:7      | Reached XP level 9. HP: 74/78 MP: 8/8
  7122 | D:7      | Killed a kobold demonologist
  7224 | D:8      | Found a white marble altar of Elyvilon.
  7248 | D:8      | Found Dicoi's Jewellery Shop.
  7395 | D:8      | Noticed Grum
  7403 | D:8      | Reached skill level 8 in Shields
  7420 | D:8      | Killed Grum
  7420 | D:8      | Reached skill level 10 in Maces & Flails
  7723 | D:9      | Noticed Maurice
  7731 | D:9      | Killed Maurice
  7885 | D:9      | Reached *** piety under Qazlal
  7885 | D:9      | Reached XP level 10. HP: 57/86 MP: 9/9
  7887 | D:9      | Reached skill level 5 in Dodging
  7894 | D:9      | Reached skill level 9 in Shields
  8161 | D:9      | Found a shimmering altar of Xom.
  8770 | D:10     | Entered Level 10 of the Dungeon
  8811 | D:10     | Reached skill level 10 in Shields
  9105 | D:10     | Noticed an unseen horror
  9119 | D:10     | Killed an unseen horror
  9119 | D:10     | Reached skill level 1 in Invocations
  9172 | D:10     | Reached XP level 11. HP: 64/95 MP: 11/11
  9195 | D:10     | Found a staircase to the Lair.
  9385 | D:10     | Noticed Harold
  9402 | D:10     | Killed Harold
  9414 | D:10     | Noticed a two-headed ogre
  9422 | D:10     | Killed a two-headed ogre
  9422 | D:10     | Reached **** piety under Qazlal
  9422 | D:10     | Reached skill level 11 in Shields
  9728 | D:10     | Found a staircase to the Orcish Mines.
 10293 | D:11     | You fall through a shaft!
 10301 | D:11     | Noticed a seven-headed hydra
 10312 | D:12     | Killed a seven-headed hydra
 10840 | D:12     | Noticed a green ugly thing
 10854 | D:12     | Killed a green ugly thing
 11298 | D:12     | Found Qobb's Gadget Boutique.
 11315 | D:12     | Found a portal to a secret trove of treasure.
 11463 | D:11     | Noticed an unseen horror
 11472 | D:11     | Noticed a red ugly thing
 11472 | D:11     | Noticed a cyan ugly thing
 11478 | D:11     | Reached skill level 12 in Shields
 11499 | D:11     | Killed a brown ugly thing
 11506 | D:11     | Killed a cyan ugly thing
 11546 | D:11     | Killed an unseen horror
 11546 | D:11     | Reached XP level 12. HP: 83/104 MP: 14/14
 12269 | D:11     | Found Ilalleez's Food Shoppe.
 12577 | D:13     | Noticed a tengu warrior
 12577 | D:13     | Noticed a tengu warrior
 12739 | D:13     | Noticed a tengu warrior
 12741 | D:13     | Noticed a centaur warrior
 12786 | D:12     | Killed a tengu warrior
 12786 | D:12     | Reached skill level 5 in Invocations
 12815 | D:12     | Killed a tengu warrior
 13240 | D:12     | Killed a tengu warrior
 13243 | D:12     | Reached skill level 13 in Shields
 13437 | D:13     | Reached ***** piety under Qazlal
 13445 | D:13     | Noticed a two-headed ogre
 13450 | D:13     | Noticed a centaur warrior
 13478 | D:12     | Killed a two-headed ogre
 13483 | D:12     | Killed a centaur warrior
 13906 | D:13     | Killed a centaur warrior
 13933 | D:13     | Noticed Inarius's ghost (journeyman GrEE)
 14318 | D:13     | Cast into level 2 of the Abyss (Inarius's ghost)
 14399 | Abyss:2  | Noticed a tentacled starspawn
 14452 | Abyss:2  | Reached skill level 14 in Shields
 14521 | Abyss:2  | Noticed a bone dragon
 14559 | Abyss:2  | Noticed a rakshasa
 14607 | Abyss:2  | Noticed a starcursed mass
 14608 | Abyss:2  | Noticed a tentacled starspawn
 14641 | Abyss:2  | Slain by a tentacled starspawn

Skill      XL: |  1  2  3  4  5  6  7  8  9 10 11 12 |
---------------+-------------------------------------+-----
Fighting       | 4 5 6 7 8 9 |  9.6
Shields        | 4 5 6 7 8 10 12 14 | 14.0
Armour         | 4 5 6 7 8 9 |  9.8
Maces & Flails | 3 5 7 9 10 11 12 | 12.6
Dodging        | 1 2 3 4 6 7 9 |  9.5
Stealth        | 1 2 |  2.0
Invocations    | 1 4 6 |  6.2

Action                   |  1- 3 |  4- 6 |  7- 9 | 10-12 || total
-------------------------+-------+-------+-------+-------++-------
Melee: Flail             |    64 |    71 |   157 |       ||   292
       Headbutt          |    12 |    12 |    91 |   300 ||   415
       Whip              |       |       |   248 |   893 ||  1141
Invok: Elemental Force   |       |       |       |     2 ||     2
  Use: Potion            |       |       |     3 |     7 ||    10
       Scroll            |       |       |       |    15 ||    15
  Eat: Chunk             |       |     3 |    14 |     9 ||    26
       Meat ration       |       |       |     1 |     2 ||     3
       Fruit             |       |       |     1 |       ||     1
       Bread ration      |       |       |       |     2 ||     2
Armor: Scale mail        |    38 |    26 |   129 |   203 ||   396
Dodge: Dodged            |    24 |    23 |    99 |   268 ||   414
       Deflected         |       |       |       |     6 ||     6
Block: Shield            |    38 |    34 |   219 |   733 ||  1024
